 Dungeon Crawl Stone Soup version 0.30-a0-1163-gf69bf04e7a (webtiles) character file.

Game seed: 9759634134630649209

27 Adrian566 the Ducker (level 2, 0/22 HPs)
             Began as a Vampire Gladiator on Apr 28, 2023.
             Slain by a hobgoblin (1 damage)
             ... on level 2 of the Dungeon.
             The game lasted 00:00:50 (598 turns).

Adrian566 the Ducker (Vampire Gladiator)             Turns: 598, Time: 00:00:51

Health: 0/22       AC:  6    Str: 13    XL:     2   Next: 93%
Magic:  2/2        EV: 13    Int: 10    God:
Gold:   65         SH:  0    Dex: 15    Spells: 1/1 levels left

rFire   . . .        a - +0 long sword
rCold   . . .        (no shield)
rNeg    . . .        b - +0 leather armour
rPois   .            c - +0 helmet
rElec   .            n - +1 cloak
rCorr   .            (no gloves)
SInv    +            (no boots)
Will    .....        (no amulet)
Stlth   +            (no ring)
HPRegen 0.43/turn    (no ring)
MPRegen 0.08/turn

%: no passive effects
@: brilliant, weak-willed, healing quickly
A: alive, fangs 3, see invisible, vampiric 1
a: Exsanguinate


You were on level 2 of the Dungeon.
You visited 1 branch of the dungeon, and saw 2 of its levels.

You collected 65 gold pieces.

Inventory:

Hand Weapons
 a - a +0 long sword (weapon)
Missiles
 d - 3 throwing nets (quivered)
 e - a javelin
Armour
 b - a +0 leather armour (worn)
 c - a +0 helmet (worn)
 n - a +1 cloak (worn)
Jewellery
 k - an amulet of magic regeneration
Scrolls
 h - a scroll of enchant armour
 i - a scroll of teleportation {unknown}
 j - a scroll of magic mapping {unknown}
 l - a scroll of identify {unknown}
 m - a scroll of fear {unknown}


   Skills:
 + Level 2.0 Fighting
 * Level 3.5 Long Blades
 + Level 1.5 Throwing
 + Level 3.8 Dodging


You had one spell level left.
You didn't know any spells.
Your spell library was empty.

Dungeon Overview and Level Annotations

Branches:
Dungeon (2/15)

Altars:

Shops:
D:1 !


Innate Abilities, Weirdness & Mutations

Your natural rate of healing is accelerated.
You have razor-sharp teeth.
You have supernaturally acute eyesight. (SInv)
You are afflicted with vampirism.


Message History

The hobgoblin closely misses you. The frilled lizard closely misses you.
The kobold misses you. The hobgoblin barely misses you.
The kobold barely misses you. The frilled lizard barely misses you.
You hit the worm.
The worm is heavily wounded.
The worm bites you. The hobgoblin closely misses you.
The frilled lizard barely misses you. The kobold misses you.
You hit the worm.
The worm is heavily wounded.
The frilled lizard closely misses you. The kobold barely misses you.
The hobgoblin closely misses you. The worm bites you.
You hit the worm but do no damage.
The worm is moderately wounded.
The hobgoblin barely misses you. The frilled lizard closely misses you.
The kobold barely misses you. The worm bites you!
* * * LOW HITPOINT WARNING * * *
You slash the worm!
The worm is severely wounded.
The hobgoblin closely misses you.
The frilled lizard bites you but does no damage.
The kobold barely misses you.
The hobgoblin hits you but does no damage.
The kobold hits you but does no damage. The frilled lizard barely misses you.
Okay, then.
It was a potion of brilliance.
You feel clever all of a sudden. The worm bites you.
* * * LOW HITPOINT WARNING * * *
The hobgoblin completely misses you. The kobold hits you but does no damage.
The frilled lizard misses you.
As you read the scroll labelled QISYNT WETI, it crumbles to dust.
Magic quickly surges around you.
It was a scroll of vulnerability.
The hobgoblin misses you. The kobold hits you with a +0 dagger.
* * * LOW HITPOINT WARNING * * *
The frilled lizard bites you but does no damage.
The worm bites you but does no damage.
As you read the scroll labelled WISCHE JAFATI, it crumbles to dust.
It is a scroll of enchant armour.
Your +0 cloak glows green for a moment.
The hobgoblin hits you.
You die...

#.. # #.. . #. #..
.# #.. ##.# ...
#... ..# ...
#....####b# ..
........#K##.#.###
.....$..rl@w......
........#g##.#####
#.....###.# #
#..... ..# #...#.
#### #...# ##! .


You could see a worm (weak-willed), a quokka (weak-willed), a hobgoblin
(weak-willed), a bat (weak-willed), a kobold (weak-willed) and a frilled lizard
(weak-willed).

Vanquished Creatures
  4 endoplasms (D:1)
  A giant cockroach (D:1)
  2 goblins (D:1)
  A hobgoblin (D:1)
  3 quokkas (D:1)
  3 ball pythons (D:1)
  2 bats (D:1)
  2 frilled lizards (D:1)
  3 kobolds (D:1)
  4 rats (D:1)
25 creatures vanquished.

Notes
Turn   | Place    | Note
-------+----------+-------------------------------------------
     0 | D:1      | Adrian566 the Vampire Gladiator began the quest for the
                  | Orb.
     0 | D:1      | Reached XP level 1. HP: 16/16 MP: 1/1
    99 | D:1      | Found Dang's Distillery.
   107 | D:1      | Reached XP level 2. HP: 22/22 MP: 2/2
   596 | D:2      | HP: 1/22 [worm (3)]
   598 | D:2      | Slain by a hobgoblin

Illustrated notes

Levels and vault maps discovered:
D:1:      dpeg_arrival_rooms_a, layout_basic, serial_shops, shop
D:2:      layout_loops_cross, ebering_ecumenical_altar_webs, uniq_terence

Skill      XL: |  1 |
---------------+----+-----
Fighting       | 2 |  2.0
Long Blades    | |  3.5
Throwing       | |  1.5
Dodging        | |  3.8

Action                     || total
---------------------------++-------
  Melee: Long sword        ||    57
         Bite              ||     6
    Use: Scroll            ||     2
         Potion            ||     1
   Stab: Sleeping          ||     2
 Armour: Leather armour    ||    26
  Dodge: Dodged            ||    63

Table legend: (Time is in decaauts)
 A = Elapsed time spent in this place.
 B = Non-inter-level travel time spent in this place.
 C = Inter-level travel time spent in this place.
 D = Time resting spent in this place.
 E = Time spent auto-exploring this place.
 F = Levels seen in this place.
 G = Mean time per level.
                   A        B        C        D        E       F      G
               +--------+--------+--------+--------+--------+-----+--------+
         Total |    611 |    576 |     35 |      0 |    431 |   2 |  305.5 |
       Dungeon |    611 |    576 |     35 |      0 |    431 |   2 |  305.5 |
               +--------+--------+--------+--------+--------+-----+--------+

Top non-repeatable levels by time:
     D:1: 593 daAuts
     D:2: 18 daAuts
